 Dungeon Crawl Stone Soup version 0.31-a0-844-gdc52ec4e09 (webtiles) character file.

Game seed: 12264747421635720489

23 CowFu the Caller (level 2, 0/15 HPs)
             Began as a Deep Elf Summoner on Sept 29, 2023.
             Slain by a goblin
             ... wielding a +0 club
             ... led by Robin
              (5 damage)
             ... on level 2 of the Dungeon.
             The game lasted 00:02:16 (617 turns).

CowFu the Caller (Deep Elf Summoner)                 Turns: 617, Time: 00:02:17

Health: 0/15       AC:  2    Str:  9    XL:     2   Next: 75%
Magic:  5/8        EV: 12    Int: 18    God:
Gold:   61         SH:  0    Dex: 14    Spells: 4/7 levels left

rFire   . . .        d - +0 dagger
rCold   . . .        (no shield)
rNeg    . . .        a - +0 robe
rPois   .            (no helmet)
rElec   .            (no cloak)
rCorr   .            (no gloves)
SInv    .            (no boots)
Will    .....        (no amulet)
Stlth   ++           (no ring)
HPRegen 0.22/turn    (no ring)
MPRegen 0.11/turn

%: no passive effects
@: no status effects
A: strong 1, inability to drink after injury 1
a: no special abilities


You were on level 2 of the Dungeon.
You visited 1 branch of the dungeon, and saw 2 of its levels.

You collected 61 gold pieces.

Inventory:

Hand Weapons
 d - a +0 dagger (weapon)
Armour
 a - a +0 robe (worn)
Scrolls
 c - a scroll of identify {unknown}
 e - a scroll of poison {unknown}
 f - a scroll of enchant armour {unknown}
Potions
 b - a potion of magic
 g - a potion of heal wounds {unknown}


   Skills:
 - Level 2.4 Dodging
 - Level 2.4 Stealth
 - Level 3.0 Spellcasting
 + Level 5.3 Summonings


You had 4 spell levels left.
You knew the following spells:

 Your Spells              Type           Power      Damage    Failure   Level
a - Summon Small Mammal   Summ           88%        N/A       1%          1
b - Call Imp              Summ           44%        N/A       2%          2

Your spell library contained the following spells:

 Spells                   Type           Power      Damage    Failure   Level
 Call Canine Familiar     Summ           22%        N/A       5%          3
 Summon Guardian Golem    Hex/Summ       12%        N/A       16%         3
 Summon Lightning Spire   Summ/Air       12%        N/A       47%         4


Dungeon Overview and Level Annotations

Branches:
Dungeon (2/15)

Altars:

Annotations:
D:2 Robin


Innate Abilities, Weirdness & Mutations

Your muscles are strong. (Str +4, Int/Dex -1)
You occasionally lose the ability to drink potions when taking damage.


Message History

Your cerulean imp hits the hobgoblin from afar with a -2 spear.
The goblin hits your quokka with a +0 club.
The hobgoblin closely misses your quokka.
Your quokka bites the hobgoblin.
The hobgoblin dies!
The goblin shoots a sling bullet.
The sling bullet closely misses your quokka.
The sling bullet hits your cerulean imp but does no damage.
Your bat barely misses the goblin.
Your quokka bites the goblin.
Your cerulean imp hits the goblin from afar with a -2 spear.
The goblin dies!
A goblin comes into view. It is wielding a +0 dagger.
The giant cockroach misses you.
Your bat hits the goblin. You barely miss the giant cockroach.
Your bat closely misses the goblin.
Your bat barely misses the goblin.
Your quokka barely misses the giant cockroach.
Robin throws the goblin at you!
Your cerulean imp closely misses the giant cockroach.
The giant cockroach bites you but does no damage.
A goblin comes into view. It is wielding a +0 club.
The goblin barely misses you.
The goblin hits your quokka with a +0 club.
Your quokka dies!
Your quokka's corpse disappears in a puff of smoke!
Your bat hits the hobgoblin but does no damage.
You hit the giant cockroach. You punch the giant cockroach.
You kill the giant cockroach!
Your bat barely misses the goblin. x2
Your cerulean imp hits the goblin with a -2 spear.
Robin throws the goblin at you! The goblin hits you with a +0 club.
The goblin barely misses your cerulean imp.
The goblin misses your bat. The goblin hits you with a +0 dagger.
The hobgoblin closely misses your bat.
Your bat hits the hobgoblin but does no damage.
You miss the goblin. Your bat hits the goblin.
The goblin dies!
Your cerulean imp closely misses the goblin.
The goblin hits you with a +0 club.
You die...

#.# # #.# #### #. #.#
#... #.. #.# ########...
#... #.# #...#<##...
...gg##b#######...#.##...
...ggg.).g........+..+...
...ggg)5@g........#.##...
.######†#######.[.#.#####
#.. #...#.# #.) #...
##....# #.. #....
######..###..
#..................
#............#...##
#............##..##
.......##....


You could see Robin, 2 hobgoblins, 7 goblins, a friendly cerulean imp (summoned)
and a friendly bat (summoned).

Vanquished Creatures
  2 giant cockroaches (D:2)
  2 jackals (D:2)
  A quokka (D:1)
  2 bats (D:2)
  A kobold (D:2)
  2 rats
10 creatures vanquished.

Vanquished Creatures (collateral kills)
  2 endoplasms (D:2)
  2 hobgoblins
  2 jackals (D:2)
  2 ball pythons (D:2)
  3 goblins (D:2)
  2 kobolds
13 creatures vanquished.

Grand Total: 23 creatures vanquished

Notes
Turn   | Place    | Note
-------+----------+-------------------------------------------
     0 | D:1      | CowFu the Deep Elf Summoner began the quest for the Orb.
     0 | D:1      | Reached XP level 1. HP: 10/10 MP: 6/6
   153 | D:2      | Gained mutation: Your muscles are strong. (Str +4, Int/Dex
                  | -1) [potion of mutation]
   153 | D:2      | Gained mutation: You occasionally lose the ability to drink
                  | potions when taking damage. [potion of mutation]
   262 | D:2      | Reached XP level 2. HP: 14/15 MP: 8/8
   450 | D:2      | Reached skill level 5 in Summonings
   496 | D:2      | Learned a level 2 spell: Call Imp
   609 | D:2      | Noticed Robin
   617 | D:2      | Slain by a goblin

Illustrated notes

Levels and vault maps discovered:
D:1:      lemuel_arrival_muddy, layout_rooms, ebering_ecumenical_altar_rust,
          minmay_misc_feat_ornament, chequers_serial_rivers_micro_a
D:2:      layout_basic, uniq_robin

Skill      XL: |  1  2 |
---------------+-------+-----
Summonings     | 5 |  5.3
Dodging        | |  2.4
Stealth        | |  2.4
Spellcasting   | |  3.0

Action                     || total
---------------------------++-------
  Melee: Unarmed           ||    19
         Dagger            ||    33
         Punch             ||     1
   Cast: Summon Small Mamm ||    19
         Call Imp          ||     3
    Use: Potion            ||     1
 Armour: Robe              ||    39
  Dodge: Dodged            ||    51

Table legend: (Time is in decaauts)
 A = Elapsed time spent in this place.
 B = Non-inter-level travel time spent in this place.
 C = Inter-level travel time spent in this place.
 D = Time resting spent in this place.
 E = Time spent auto-exploring this place.
 F = Levels seen in this place.
 G = Mean time per level.
                   A        B        C        D        E       F      G
               +--------+--------+--------+--------+--------+-----+--------+
         Total |    616 |    616 |      0 |      0 |    321 |   2 |  308.0 |
       Dungeon |    616 |    616 |      0 |      0 |    321 |   2 |  308.0 |
               +--------+--------+--------+--------+--------+-----+--------+

Top non-repeatable levels by time:
     D:2: 467 daAuts
     D:1: 149 daAuts
